 Dungeon Crawl Stone Soup version 0.31.0-32-g396128a36d (webtiles) character file.

Game seed: 2017937274746259946

28 CapUranus the Trooper (level 3, -3/33 HPs)
             Began as a Hill Orc Fighter on Apr 22, 2024.
             Slain by a naga
             ... wielding a +0 hand axe
              (11 damage)
             ... on level 1 of the Abyss.
             The game lasted 00:02:35 (951 turns).

CapUranus the Trooper (Hill Orc Fighter)             Turns: 951, Time: 00:02:36

Health: -3/33      AC:  6    Str: 20    XL:     3   Next: 12%
Magic:  3/3        EV:  9    Int:  8    God:
Gold:   10         SH:  4    Dex: 10    Spells: 2/2 levels left

rFire   . . .        a - +0 war axe
rCold   . . .        c - +0 buckler
rNeg    . . .        b - +0 scale mail
rPois   .            (no helmet)
rElec   .            (no cloak)
rCorr   .            (no gloves)
SInv    .            (no boots)
Will    .....        (no amulet) Stlth
                     (no ring)
HPRegen 0.25/turn    (no ring)
MPRegen 0.08/turn

%: no passive effects
@: lethally poisoned (-3 -> -27)
A: no striking features
a: no special abilities


You were on level 1 of the Abyss.
You visited 1 branch of the dungeon, and saw 1 of its levels.
You visited the Abyss 1 time.

You collected 10 gold pieces.

Inventory:

Hand Weapons
 a - a +0 war axe (weapon)
Armour
 b - a +0 scale mail (worn)
 c - a +0 buckler (worn)
Scrolls
 e - a scroll of noise {unknown}
 f - a scroll of revelation {unknown}
 h - a scroll of teleportation {unknown}
Potions
 d - a potion of might
 g - a potion of degeneration {unknown}


   Skills:
 + Level 4.0 Fighting
 + Level 3.3 Axes
 + Level 3.6 Armour
 + Level 3.6 Shields


You had 2 spell levels left.
You didn't know any spells.
Your spell library was empty.

Dungeon Overview and Level Annotations

Branches:
Dungeon (1/15)

Altars:


Message History

The bat barely misses you. The bat hits you but does no damage.
You slash the bat!
You kill the bat!
You see here a bat corpse.
Found a scroll labelled EDGHA BOICAOXAC and 4 stones.
h - a scroll labelled EDGHA BOICAOXAC A goblin comes into view.
It is wielding a +0 dagger.
The goblin shouts!
A kobold comes into view.
It is wielding a +1 short sword of distortion.
The kobold shouts!
The goblin barely misses you.
You barely miss the goblin. The goblin hits you but does no damage.
You slash the goblin!
You kill the goblin!
You closely miss the kobold.
The kobold hits you with a +1 short sword of distortion.
You are cast into the Abyss!
To return, you must find a gate leading back.
Killing monsters will force the Abyss to allow you passage.
This branch contains the abyssal rune of Zot.
You open the door.
There is an open door here.
The white imp shouts, "Kneel, thou euchred toenail-biting socdollager!"
There is an empty arch of ancient stone here.
There is an empty arch of ancient stone here.
A naga warrior comes into view. It is wielding a +0 battleaxe.
The naga warrior shouts!
The naga warrior spits poison at you. The splash of poison misses you.
A naga comes into view. It is wielding a +0 hand axe.
The naga shouts!
You hear a shout!
A small abomination and a guardian serpent come into view.
The guardian serpent shouts!
You hear a shout!
The guardian serpent coils itself and waves its upper body at you.
The bolt of poison hits you!!
You are poisoned.
Ouch! That really hurt!
* * * LOW HITPOINT WARNING * * *
The naga attacks as it pursues you! The naga hits you with a +0 hand axe!
You die...

#. # . # .. . #. #..#
... ##S .## .# .. .
∩... ..# .. N.# .#...
#.###.## ###.. .
......#.##...# #.
..#.#. #...'@##...##.
##. # .
......##N..###.###.#..
. .x... #.#.#
#.#....... ....
#...### . .. . #. ...
###.#.. ...#.#### ..
#.#.###.N##. ... .
#.#..#..#... . #. #
.###.# ...... .#
##.N.##... ..


You could see a guardian serpent, a naga and a small abomination.

Vanquished Creatures
  A gnoll (D:1)
  3 bats (D:1)
  An endoplasm (D:1)
  3 goblins (D:1)
  A hobgoblin (D:1)
  4 jackals (D:1)
  A ball python (D:1)
  A kobold (D:1)
  2 rats (D:1)
17 creatures vanquished.

Notes
Turn   | Place    | Note
-------+----------+-------------------------------------------
     0 | D:1      | CapUranus the Hill Orc Fighter began the quest for the Orb.
     0 | D:1      | Reached XP level 1. HP: 19/19 MP: 1/1
    87 | D:1      | Reached XP level 2. HP: 22/27 MP: 2/2
   342 | D:1      | Reached skill level 4 in Fighting
   621 | D:1      | Reached XP level 3. HP: 33/33 MP: 3/3
   865 | Abyss:1  | Cast into level 1 of the Abyss (kobold)
   928 | Abyss:1  | Noticed a naga warrior
   946 | Abyss:1  | Noticed a naga
   951 | Abyss:1  | Noticed a small abomination
   951 | Abyss:1  | Noticed a guardian serpent
   951 | Abyss:1  | Slain by a naga

Illustrated notes

Levels and vault maps discovered:
D:1:      dpeg_arrival_central, layout_basic
Abyss:1:  base:
Temple

Skill      XL: |  1  2 |
---------------+-------+-----
Fighting       | 4 |  4.0
Axes           | 3 |  3.3
Armour         | |  3.6
Shields        | |  3.6

Action                     || total
---------------------------++-------
  Melee: War axe           ||    25
 Armour: Scale mail        ||    29
  Dodge: Dodged            ||    17
  Block: Buckler           ||     8
